 Dungeon Crawl Stone Soup version 0.32-a0-131-g9dbbe29261 (webtiles) character file.

Game seed: 6402157473113317665

342 Asceticacid the Ruffian (level 6, 0/37 (47) HPs)
             Began as a Gnoll Shapeshifter on Feb 9, 2024.
             Was an Initiate of Ashenzari.
             Slain by a lemure (3 damage)
             ... led by Pikel
             ... on level 3 of the Dungeon.
             The game lasted 00:13:18 (2873 turns).

Asceticacid the Ruffian (Gnoll Shapeshifter)        Turns: 2873, Time: 00:13:19

HP:   0/37 (47)     AC: 11    Str: 19    XL:     6   Next: 57%
MP:   9/9           EV:  9    Int:  9    God:    Ashenzari [......]
Gold: 153           SH:  0    Dex: 13    Spells: 8/9 levels left

rFire   + .          .
                       - Unarmed
rCold   + . .        (no shield)
rNeg    + . .        f - +0 chain mail
rPois   +            (no helmet)
rElec   .            n - scarf "Manifest Sophism" {rC+ rF+, Sorc, Melee} (curse)
rCorr   .            t - +0 pair of gloves of Weightlessness {+Inv Str+5}
SInv    .            l - +1 pair of boots of Ignis's Supremacy {rPois rN+}
Will    .....        (no amulet) Stlth
                     s - ring of poison resistance
HPRegen 0.26/turn    e - ring of wizardry
MPRegen 0.11/turn

%: wizardry (x1)
@: heavily drained
A: fangs 1, strong nose, distributed training
a: Renounce Religion, Evoke Invisibility, Curse Item, Shatter the Chains


You were on level 3 of the Dungeon.
You worshipped Ashenzari.
Ashenzari was noncommittal.
You visited 1 branch of the dungeon, and saw 4 of its levels.

You collected 153 gold pieces.

Inventory:

Missiles
 h - 3 poisoned darts (quivered)
Armour
 a - a +0 animal skin
 f - a +0 chain mail (worn)
 l - the +1 pair of boots of Ignis's Supremacy (worn) {rPois rN+}
   (You acquired it on level 3 of the Dungeon)

   rPois:     It protects you from poison rN+: It protects you from negative
   energy.
 n - the cursed scarf "Manifest Sophism" (worn) {rC+ rF+, Sorc, Melee}
   (You found it on level 2 of the Dungeon)

   It has a curse which improves the following skills: Sorcery: Conjurations and
   Alchemy.
   Melee Combat: Short Blades, Long Blades, Axes, Maces & Flails, Polearms,
   Staves and Unarmed Combat.
 r - an orb of wrath
 t - the +0 pair of gloves of Weightlessness (worn) {+Inv Str+5}
   (You acquired it on level 3 of the Dungeon)

   Str+5:     It affects your strength (+5).
   +Inv:      It lets you turn invisible.
Jewellery
 e - a ring of wizardry (right hand)
 i - a ring of magical power
 s - a ring of poison resistance (left hand)
Talismans
 c - a beast talisman
 d - a flux talisman
Scrolls
 m - a scroll of fear {unknown}
 q - a scroll of noise
 u - a scroll of vulnerability {unknown}
Potions
 b - 2 potions of lignification
 g - a potion of haste
 j - a potion of brilliance
 k - a potion of degeneration {unknown}
 o - a potion of heal wounds {unknown}
 p - a potion of ambrosia {unknown}
 v - a potion of might {unknown}


   Skills:
 + Level 3.3 Fighting
 + Level 2.1(2.4) Short Blades
 + Level 2.1(2.4) Long Blades
 + Level 2.1(2.4) Axes
 + Level 2.1(2.4) Maces & Flails
 + Level 2.1(2.4) Polearms
 + Level 2.1(2.4) Staves
 + Level 2.1 Ranged Weapons
 + Level 2.1 Throwing
 + Level 2.1 Armour
 + Level 5.0 Dodging
 + Level 2.1 Stealth
 + Level 2.1 Shields
 + Level 6.9(7.3) Unarmed Combat
 + Level 2.1 Spellcasting
 + Level 1.6(2.0) Conjurations
 + Level 1.6 Hexes
 + Level 1.6 Summonings
 + Level 1.6 Necromancy
 + Level 1.6 Translocations
 + Level 1.6 Fire Magic
 + Level 1.6 Ice Magic
 + Level 1.6 Air Magic
 + Level 1.6 Earth Magic
 + Level 1.6(2.0) Alchemy
 + Level 2.3 Invocations
 + Level 2.1 Evocations
 + Level 6.8 Shapeshifting


You had 8 spell levels left.
You knew the following spells:

 Your Spells              Type           Power      Damage    Failure   Level
a - Sandblast             Erth           6%         2d5       50%         1

Your spell library contained the following spells:

 Spells                   Type           Power      Damage    Failure   Level
 Dazzling Flash           Conj/Hex       8%         N/A       82%         3
 Stone Arrow              Conj/Erth      8%         3d7       82%         3
 Passwall                 Erth           3%         N/A       85%         3
 Volatile Blastmotes      Fire/Tloc      6%         2d10      85%         3
 Brom's Barrelling Bould  Conj/Erth      4%         2d3       99%         4
 Starburst                Conj/Fire      2%         6d3       100%        6
 Maxwell's Capacitive Co  Air            1%         ∞         100%        8


Dungeon Overview and Level Annotations

Branches:
Dungeon (4/15)
 Temple: D:4-7

Altars:
Ashenzari

Annotations:
D:4 Pikel


Innate Abilities, Weirdness & Mutations

You have very sharp teeth.
Your uncanny sense of smell can sniff out nearby items.
Your experience applies equally to all skills.


Message History

You punch Pikel!
Pikel is moderately wounded.
Pikel hits you with a +2 whip of freezing.
Pikel freezes you. The grasping roots constrict you.
The lemure barely misses you.
You hit Pikel.
Pikel is moderately wounded.
Pikel hits you with a +2 whip of freezing.
Pikel freezes you. The grasping roots constrict you.
* * * LOW HITPOINT WARNING * * *
You escape the roots grasp.
The lemure barely misses you.
There is a stone staircase leading up here.
The lemure hits you.
* * * LOW HITPOINT WARNING * * *
You climb upwards.
There is a stone staircase leading down here.
Throw: 3 darts (poison)
Press: ? - help, Q - select action, (/) - cycle Shift-Dir - straight line, f - lemure
Aim: a lemure (heavily wounded, unable to see you, 47% to hit)
Okay, then.
You flicker for a moment.
You completely miss the lemure.
The lemure is heavily wounded.
The lemure hits you but does no damage.
You catch the helpless lemure completely off-guard!
You hit the lemure.
The lemure is severely wounded.
You closely miss the lemure.
The lemure is severely wounded.
The lemure hits you!
* * * LOW HITPOINT WARNING * * *
Okay, then.
You flicker back into view.
The lemure attacks as it pursues you! The lemure barely misses you.
The lemure attacks as it pursues you! The lemure hits you but does no damage.
Your magical contamination has completely faded away.
The lemure attacks as it pursues you! The lemure hits you.
* * * LOW HITPOINT WARNING * * *
The lemure attacks as it pursues you! The lemure hits you.
You die...

#.....#.##.##.## #.#
#.#
#.####.###.#...###.#
#.# #.#
#####.).......# #.#
#.# #.......##### #.#
#.# #.##.#......#
#.### #.#
#.#...#####.# #...#
#.# #..###.## #.#
###.# #.# #.## ##5#
#.# #.# #.# #.# #@#
#.# #(# #.# #.##
##.###.# #.# #.#
##.###......#######.#
#.#
##...#......[......#
#.#
#.######.##########
#.# #.# #.#
#.########.## #.#
##.....†.....# #.#
#...#######..# #.#


You could see a lemure.

Vanquished Creatures
  Grinder (D:3)
  3 lemures
  6 adders (D:2)
  4 gnolls (D:3)
  A dart slug (D:1)
  A ribbon worm (D:2)
  An orc (D:3)
  8 ball pythons
  5 bats
  9 endoplasms
  A giant cockroach (D:1)
  3 goblins
  3 hobgoblins
  5 jackals
  8 kobolds
  2 quokkas
  4 frilled lizards
  5 rats
70 creatures vanquished.

Notes
Turn   | Place    | Note
-------+----------+-------------------------------------------
     0 | D:1      | Asceticacid the Gnoll Shapeshifter began the quest for the
                  | Orb.
     0 | D:1      | Reached XP level 1. HP: 17/17 MP: 1/1
    74 | D:1      | Reached XP level 2. HP: 21/23 MP: 2/2
   536 | D:1      | Reached XP level 3. HP: 26/28 MP: 3/3
   902 | D:2      | Reached skill level 1 in Invocations
   905 | D:2      | Reached skill level 1 in Short Blades
   905 | D:2      | Reached skill level 1 in Long Blades
   905 | D:2      | Reached skill level 1 in Axes
   905 | D:2      | Reached skill level 1 in Maces & Flails
   905 | D:2      | Reached skill level 1 in Polearms
   905 | D:2      | Reached skill level 1 in Staves
   905 | D:2      | Reached skill level 1 in Ranged Weapons
   905 | D:2      | Reached skill level 1 in Throwing
   905 | D:2      | Reached skill level 1 in Armour
   905 | D:2      | Reached skill level 1 in Stealth
   905 | D:2      | Reached skill level 1 in Shields
   905 | D:2      | Reached skill level 1 in Spellcasting
   905 | D:2      | Reached skill level 1 in Evocations
  1055 | D:2      | Reached XP level 4. HP: 24/34 MP: 5/5
  1221 | D:2      | Reached skill level 1 in Conjurations
  1221 | D:2      | Reached skill level 1 in Hexes
  1221 | D:2      | Reached skill level 1 in Summonings
  1221 | D:2      | Reached skill level 1 in Necromancy
  1221 | D:2      | Reached skill level 1 in Translocations
  1221 | D:2      | Reached skill level 1 in Fire Magic
  1221 | D:2      | Reached skill level 1 in Ice Magic
  1221 | D:2      | Reached skill level 1 in Air Magic
  1221 | D:2      | Reached skill level 1 in Earth Magic
  1221 | D:2      | Reached skill level 1 in Alchemy
  1647 | D:3      | Found a faded altar of an unknown god.
  1660 | D:3      | Prayed at the altar of an unknown god.
  1660 | D:3      | Became a worshipper of Ashenzari the Shackled
  1671 | D:3      | Identified a scroll of acquirement
  1671 | D:3      | Acquired the +1 pair of boots of Ignis's Supremacy {rPois
                  | rN+}
  1734 | D:3      | Noticed Grinder
  1746 | D:3      | Paralysed by Grinder for 4 turns
  1751 | D:3      | Killed Grinder
  1752 | D:3      | Reached skill level 5 in Dodging
  1752 | D:3      | Reached XP level 5. HP: 15/41 MP: 5/8
  1752 | D:3      | Reached XP level 6. HP: 17/47 MP: 5/9
  2227 | D:3      | Learned a level 1 spell: Sandblast
  2626 | D:4      | Noticed a black bear
  2742 | D:4      | Noticed Pikel
  2790 | D:3      | Acquired the +0 pair of gloves of Weightlessness {+Inv
                  | Str+5}
  2814 | D:3      | Identified the cursed scarf "Manifest Sophism" {rC+ rF+,
                  | Sorc, Melee} (You found it on level 2 of the Dungeon)
  2851 | D:3      | HP: 1/37 [lemure[Pikel] (7)]
  2873 | D:3      | Slain by a lemure

Illustrated notes

Levels and vault maps discovered:
D:1:      dpeg_arrival_windows_large_door, layout_basic
D:2:      layout_basic, eino_tiny_chamber
D:3:      layout_loops_ring, ebering_ecumenical_altar_sacrificial, uniq_grinder
D:4:      layout_basic, cheibrodos_sewer_entry_bend, uniq_duvessa,
          uniq_menkaure, uniq_pikel

Skill      XL: |  1  2  3  4 |
---------------+-------------+-----
Invocations    | 1 2 |  2.3
Short Blades   | 1 2 |  2.1
Long Blades    | 1 2 |  2.1
Axes           | 1 2 |  2.1
Maces & Flails | 1 2 |  2.1
Polearms       | 1 2 |  2.1
Staves         | 1 2 |  2.1
Ranged Weapons | 1 2 |  2.1
Throwing       | 1 2 |  2.1
Armour         | 1 2 |  2.1
Stealth        | 1 2 |  2.1
Shields        | 1 2 |  2.1
Spellcasting   | 1 2 |  2.1
Evocations     | 1 2 |  2.1
Conjurations   | 1 |  1.6
Hexes          | 1 |  1.6
Summonings     | 1 |  1.6
Necromancy     | 1 |  1.6
Translocations | 1 |  1.6
Fire Magic     | 1 |  1.6
Ice Magic      | 1 |  1.6
Air Magic      | 1 |  1.6
Earth Magic    | 1 |  1.6
Alchemy        | 1 |  1.6
Fighting       | 3 |  3.3
Dodging        | 5 |  5.0
Unarmed Combat | |  6.9
Shapeshifting  | |  6.8

Action                     |  1- 3 |  4- 6 || total
---------------------------+-------+-------++-------
  Melee: Unarmed           |    92 |   133 ||   225
         Bite              |    12 |    11 ||    23
   Cast: Sandblast         |       |    11 ||    11
 Invoke: Curse Item        |       |     1 ||     1
Ability: Begin Untransform |     1 |     1 ||     2
         Evoke Invisibilit |       |     1 ||     1
    Use: Scroll            |     1 |     7 ||     8
   Stab: Invisible         |       |     1 ||     1
 Armour: Skin              |    31 |    43 ||    74
         Chain mail        |       |    10 ||    10
  Dodge: Dodged            |    56 |    99 ||   155
   Form: Beast             |     2 |     1 ||     3
         Flux              |     2 |     1 ||     3
                           |       |     1 ||     1

Table legend: (Time is in decaauts)
 A = Elapsed time spent in this place.
 B = Non-inter-level travel time spent in this place.
 C = Inter-level travel time spent in this place.
 D = Time resting spent in this place.
 E = Time spent auto-exploring this place.
 F = Levels seen in this place.
 G = Mean time per level.
                   A        B        C        D        E       F      G
               +--------+--------+--------+--------+--------+-----+--------+
         Total |   2851 |   2681 |    170 |    342 |   1523 |   4 |  712.8 |
       Dungeon |   2851 |   2681 |    170 |    342 |   1523 |   4 |  712.8 |
               +--------+--------+--------+--------+--------+-----+--------+

Top non-repeatable levels by time:
     D:3: 1139 daAuts
     D:1: 842 daAuts
     D:2: 789 daAuts
     D:4: 80 daAuts
